 Dungeon Crawl Stone Soup version 0.18.1-48-g4cf74bf (webtiles) character file.

69 atgrul the Charmwright (level 4, -2/34 HPs)
             Began as a Merfolk Skald on July 17, 2016.
             Slain by an adder (4 damage)
             ... on level 1 of the Dungeon.
             The game lasted 00:06:06 (2477 turns).

atgrul the Charmwright (Merfolk Skald)              Turns: 2477, Time: 00:06:06

Health: -2/34      AC:  3    Str: 13    XL:     4   Next: 20%
Magic:  7/7        EV: 12    Int: 11    God:
Gold:   125        SH:  0    Dex: 13    Spells: 1 memorised, 6 levels left

rFire  . . .     SeeInvis .     n - +0 falchion (curse)
rCold  . . .     Gourm    .     b - +0 leather armour
rNeg   . . .     Faith    .     (no shield)
rPois  .         Spirit   .     (no helmet)
rElec  .         Dismiss  .     (no cloak)
rCorr  .         Reflect  .     (no gloves)
SustAt .         Harm     .     (no boots)
MR     .....                    (no amulet)
Stlth  +.........               (no ring)
                                (no ring)

@: lethally poisoned (-2 -> -5), not resistant to hostile enchantments, very
unstealthy
A: change form in water, swift swim
a: no special abilities


You were on level 1 of the Dungeon.
You were not hungry.

You visited 1 branch of the dungeon, and saw 2 of its levels.

You collected 125 gold pieces.

Inventory:

Hand Weapons
 a - a +0 spear
 n - a cursed +0 falchion (weapon)
Armour
 b - a +0 leather armour (worn)
Jewellery
 k - an uncursed ring of protection from cold {unknown}
Scrolls
 e - a scroll of magic mapping {unknown}
 i - 2 scrolls of teleportation {unknown}
Potions
 g - 2 potions of curing {unknown}
 h - a potion of flight {unknown}
 j - 2 potions of might
 l - a potion of haste {unknown}
 o - a potion of lignification {unknown}
 p - a potion of brilliance {unknown}
 q - a potion of mutation {unknown}
Books
 c - a book of Battle

   Spells                             Type                      Level
   a - Infusion                       Charms                       1
   b - Shroud of Golubria             Charms/Translocation         2
   c - Song of Slaying                Charms                       2
   d - Spectral Weapon                Hexes/Charms                 3
   e - Regeneration                   Charms/Necromancy            3
Comestibles
 d - a bread ration
 f - a beef jerky
 m - a meat ration


   Skills:
 + Level 2.5 Fighting
 + Level 3.7 Polearms
 + Level 1.1 Armour
 + Level 2.9 Dodging
 + Level 2.2 Spellcasting
 + Level 3.8 Charms


You had 6 spell levels left.
You knew the following spells:

 Your Spells              Type           Power        Failure   Level  Hunger
a - Infusion              Chrm           #...         10%         1    ##.....


Dungeon Overview and Level Annotations

Branches:
Dungeon (2/15)

Altars:

Annotations:
D:2 Ijyb, Terence


Message History

You are poisoned.
The adder poisons you!
You are too injured to fight recklessly!
You are too injured to fight recklessly!
You are too injured to fight recklessly!
You are too injured to fight recklessly!
You are too injured to fight recklessly!
You feel sick.
You feel sick. The adder barely misses you.
You feel sick. The adder bites you.
* * * LOW HITPOINT WARNING * * *
You barely miss the adder.
The adder is heavily wounded.
The adder bites you.
* * * LOW HITPOINT WARNING * * *
You hit the adder.
The adder is heavily wounded.
* * * LOW HITPOINT WARNING * * *
You feel sick. The adder bites you.
You die...

########## #........#
#........# #........#
#........# #####........#
....#........#
....#.....)..#############
................@S...>...#
..[.#.###.....##.#.......#
........########.#.......##
......#.# #.#..(.....#
##....#.# #.####.#.#.#
###....# #.####.#.#.#
##....###### #.##..)..#.#
.).........# #.##.#.###.#
##.......#.## #.##.#.....#


You could see an adder.

Vanquished Creatures
  2 adders
  2 dart slugs (D:1)
  2 giant geckos
  A ball python (D:1)
  4 giant cockroaches
  3 goblins
  8 hobgoblins
  4 jackals (D:2)
  A quokka (D:1)
  5 bats
  2 giant newts
  4 kobolds (D:1)
  2 rats
40 creatures vanquished.

Notes
Turn   | Place    | Note
--------------------------------------------------------------
     0 | D:1      | atgrul the Merfolk Skald began the quest for the Orb.
     0 | D:1      | Reached XP level 1. HP: 16/16 MP: 3/3
   442 | D:1      | Reached XP level 2. HP: 20/22 MP: 5/5
   543 | D:1      | Reached XP level 3. HP: 12/28 MP: 6/6
  1490 | D:2      | Noticed Terence
  1724 | D:2      | Reached skill level 1 in Armour
  2213 | D:2      | Reached XP level 4. HP: 28/34 MP: 7/7
  2431 | D:2      | Noticed Ijyb
  2477 | D:1      | Slain by an adder

Skill      XL: |  1  2  3 |
---------------+----------+-----
Dodging        | 2 |  2.9
Armour         | 1 |  1.1
Fighting       | |  2.5
Polearms       | |  3.7
Spellcasting   | |  2.2
Charms         | |  3.8

Action                   |  1- 3 |  4- 6 || total
-------------------------+-------+-------++-------
Melee: Spear             |   143 |       ||   143
       Falchion          |    10 |    13 ||    23
 Cast: Infusion          |     6 |       ||     6
  Eat: Chunk             |     3 |       ||     3
       Bread ration      |     1 |       ||     1
Armor: Leather armour    |    34 |     8 ||    42
Dodge: Dodged            |    71 |    26 ||    97
